 Dungeon Crawl Stone Soup version 0.19.1 (webtiles) character file.

46 Ladykiller69 the Ducker (level 3, -8/17 HPs)
             Began as a Felid Chaos Knight on Dec 26, 2016.
             Killed by nerve-wracking pain
             ... invoked by Jessica
              (14 damage)
             ... on level 2 of the Dungeon.
             The game lasted 00:02:30 (1164 turns).

Ladykiller69 the Ducker (Felid Chaos Knight)        Turns: 1164, Time: 00:02:30

Health: -8/17      AC:  1    Str: 11    XL:     3   Next: 44%
Magic:  4/4        EV: 19    Int: 13    God:    Xom [.....*]
Gold:   24         SH:  0    Dex: 15    Spells: 0 memorised, 2 levels left
                                        Lives:  0   Deaths: 0

rFire  . . .     SeeInvis +       - Unarmed
rCold  . . .     Gourm    .     (armour unavailable)
rNeg   . . .     Faith    .     (shield unavailable)
rPois  .         Spirit   .     (helmet unavailable)
rElec  .         Reflect  .     (cloak unavailable)
rCorr  .         Harm     .     (gloves unavailable)
MR     .....     Clarity  +     (boots unavailable)
Stlth  ++........               (no amulet)
                                (no ring)
                                (no ring)

@: quick
A: no armour, no weapons or thrown items, stealth, claws 1, fangs 3, see
invisible, blink, carnivore 3, clarity, speed 1, shaggy fur 1, slow metabolism
1, strong 1, sharp paws
a: Blink, Renounce Religion


You were on level 2 of the Dungeon.
You worshipped Xom.
You were Xom's teddy bear.
You were completely stuffed.

You visited 1 branch of the dungeon, and saw 2 of its levels.

You collected 24 gold pieces.

Inventory:

Scrolls
 d - a scroll of immolation {unknown}
 f - a scroll of remove curse {unknown}
 g - a scroll of teleportation {unknown}
Potions
 b - a potion of heal wounds {unknown}
 e - a potion of brilliance {unknown}
 h - a potion of agility {unknown}
Comestibles
 a - a meat ration
 c - 2 chunks of flesh


   Skills:
 + Level 3.3 Fighting
 + Level 3.8 Dodging
 + Level 1.7 Stealth
 * Level 3.6 Unarmed Combat


You had 2 spell levels left.
You didn't know any spells.

Dungeon Overview and Level Annotations

Branches:
Dungeon (2/15)

Altars:

Annotations:
D:2 Jessica


Innate Abilities, Weirdness & Mutations

You cannot wear armour.
You are incapable of wielding weapons or throwing items.
Your paws allow you to move quietly. (Stealth)
You have sharp claws.
You have razor-sharp teeth.
You have supernaturally acute eyesight. (SInv)
You are carnivorous and can eat meat at any time.
You cover ground quickly.
You are covered in fur. (AC +1)
You have a slow metabolism.
Your sharp claws are effective at attacking unaware monsters.
You can translocate small distances at will.
You possess an exceptional clarity of mind.
Your muscles are strong. (Str +2)


Message History

The leopard gecko hisses angrily.
You scratch Jessica.
Jessica is moderately wounded.
Jessica barely misses you.
You barely miss Jessica.
Jessica is moderately wounded.
Jessica gestures at you while chanting. Pain shoots through your body!
A kobold comes into view.
The kobold shouts!
You scratch Jessica.
Jessica is almost dead.
The kobold throws a stone.
The stone barely misses you. Jessica completely misses you.
You barely miss Jessica.
Jessica is almost dead.
Jessica casts a spell at you. Pain shoots through your body!
Ouch! That really hurt!
You die...

... #.# ....... #.#
###.##..### #.#
#..K......###.#
#.8.....8.....##
#.............(#
#....l.......(.####
#....>.....(#....<#
#...@@....†....##.#
#.....(........##.#
#.8.....8..######.#
#..........# #.#
###.##.##### #.#
#....# #.. ####.#
### #.# #..


You could see Jessica, a leopard gecko and a kobold.

Vanquished Creatures
  An adder (D:2)
  A dart slug (D:1)
  2 leopard geckos (D:1)
  2 ball pythons (D:1)
  4 giant cockroaches
  4 hobgoblins (D:1)
  5 kobolds
  A quokka (D:2)
  2 bats (D:1)
  2 frilled lizards (D:1)
  4 goblins (D:1)
  2 rats (D:1)
30 creatures vanquished.

Notes
Turn   | Place    | Note
-------+----------+-------------------------------------------
     0 | D:1      | Ladykiller69 the Felid Chaos Knight began the quest for the Orb.
     0 | D:1      | Reached XP level 1. HP: 10/10 MP: 2/2
   173 | D:1      | XOM: harmless Fire miscast
   349 | D:1      | XOM: silly message
   420 | D:1      | Reached XP level 2. HP: 14/14 MP: 3/3
   422 | D:1      | XOM: harmless Tloc miscast
   549 | D:1      | XOM: god gift: metallic golden potion {god gift}
   667 | D:1      | Reached skill level 1 in Stealth
   798 | D:1      | Reached XP level 3. HP: 8/17 MP: 4/4
   912 | D:1      | XOM: give mutations
   912 | D:1      | Gained mutation: You possess an exceptional clarity of mind. [Xom's grace]
   912 | D:1      | Gained mutation: You can translocate small distances at will. [Xom's grace]
   912 | D:1      | Gained mutation: Your muscles are strong. (Str +2) [Xom's grace]
  1107 | D:1      | XOM: god gift: gnarled glowing staff {god gift}
  1157 | D:2      | Noticed Jessica
  1164 | D:2      | Killed from afar by Jessica

Skill      XL: |  1  2 |
---------------+-------+-----
Stealth        | 1 |  1.7
Fighting       | |  3.3
Dodging        | |  3.8
Unarmed Combat | |  3.6

Action                   || total
-------------------------++-------
Melee: Unarmed           ||    87
       Bite              ||     7
       Punch             ||     1
  Eat: Chunk             ||     8
Armor: Skin              ||     4
Dodge: Dodged            ||    77
